 Dungeon Crawl Stone Soup version 0.27.1 (webtiles) character file.

Game seed: 6050484276214345346

12007 Gwenloh the Destroyer (level 11, -5/61 HPs)
             Began as an Octopode Conjurer on Aug 31, 2021.
             Was an Elder of Sif Muna.
             Slain by a stone giant (36 damage)
             ... in a volcano.
             The game lasted 01:03:33 (15878 turns).

Gwenloh the Destroyer (Octopode Conjurer)          Turns: 15878, Time: 01:03:34

Health: -5/61      AC:  1    Str:  8    XL:     11   Next: 86%
Magic:  6/31       EV: 35    Int: 23    God:    Sif Muna [****..]
Gold:   805        SH:  0    Dex: 14    Spells: 11/25 levels left

rFire    + . .     SeeInvis .   t - +7 short sword of Equivalence {protect, rElec rF+ Dex+4}
rCold    + . .     Faith    .   (no shield)
rNeg     . . .     Spirit   .   (helmet restricted)
rPois    .         Reflect  .   k - amulet of the acrobat
rElec    +         Harm     .   z - ring of protection from cold
rCorr    .         Rampage  .   F - +4 ring of evasion
Will     +....                  G - ring of willpower
Stlth    +++++.....             J - ring of magical power
HPRegen  0.20/turn              (no ring)
MPRegen  0.22/turn              (no ring)
                                (no ring)
                                (no ring)

@: acrobatic
A: almost no armour, amphibious, 8 rings, camouflage 1, gelatinous body 1,
(nimble swimmer 1), tentacles
a: Renounce Religion, Channel Magic, Forget Spell, Divine Exegesis


You were in a volcano.
You worshipped Sif Muna.
Sif Muna was greatly pleased with you.
You visited 3 branches of the dungeon, and saw 13 of its levels.
You also visited: Bailey and Volcano.

You collected 805 gold pieces.

Inventory:

Hand Weapons
 t - the +7 short sword of Equivalence (weapon) {protect, rElec rF+ Dex+4}
   (You found it on level 4 of the Dungeon)

   It grants its wielder temporary protection when it strikes (+7 to AC).
   Dex:       It affects your dexterity (+4).
   rF:        It protects you from fire.
   rElec:     It insulates you from electricity.
 H - the +6 short sword of the Hummingbird {spect, Int+2 Dex+6}
   (You found it on level 1 of the Lair of Beasts)

   When its wielder attacks, the weapon's spirit leaps out and strikes again.
   The spirit shares a part of any damage it takes with its wielder.
   Int:       It affects your intelligence (+2).
   Dex:       It affects your dexterity (+6).
Missiles
 E - a throwing net
Magical Staves
 a - a staff of fire
 b - a staff of poison
Jewellery
 k - an amulet of the acrobat (around mantle)
 n - the ring of Trepidation {*Corrode Str+4 Int+5 Dex+6}
   (You acquired it in a bailey)

   [ring of dexterity]

   Str:       It affects your strength (+4).
   Int:       It affects your intelligence (+5).
   Dex:       It affects your dexterity (+6).
   *Corrode:  It may corrode you when you take damage.
 z - a ring of protection from cold (left tentacle)
 C - a ring of ice
 F - a +4 ring of evasion (right tentacle)
 G - a ring of willpower (on tentacle)
 J - a ring of magical power (on tentacle)
Wands
 o - a wand of iceblast (9)
 q - a wand of flame (20)
 w - a wand of mindburst (13)
 x - a wand of polymorph (11)
Scrolls
 c - 4 scrolls of fog
 d - 2 scrolls of fear
 f - 2 scrolls of immolation
 h - a scroll of vulnerability
 j - 3 scrolls of teleportation
 m - 3 scrolls of enchant armour
 y - a scroll of summoning
 A - 2 scrolls of enchant weapon
 B - 2 scrolls of silence
 D - 2 scrolls of amnesia
Potions
 e - 4 potions of mutation
 g - a potion of heal wounds {unknown}
 i - 3 potions of cancellation {unknown}
 l - a potion of haste {unknown}
 p - 4 potions of might {unknown}
 r - 2 potions of brilliance {unknown}
 s - 11 potions of curing
 u - 2 potions of flight {unknown}
 v - 3 potions of degeneration {unknown}
 I - 2 potions of lignification {unknown}
 K - a potion of berserk rage {unknown}


   Skills:
 + Level 7.2 Dodging
 - Level 9.4 Stealth
 + Level 7.9 Spellcasting
 - Level 10.2 Conjurations
 + Level 8.2 Hexes
 + Level 2.1 Translocations
 + Level 5.8 Invocations


You had 11 spell levels left.
You knew the following spells:

 Your Spells              Type           Power      Damage    Failure   Level
a - Magic Dart            Conj           100%       1d8       1%          1
b - Searing Ray           Conj           100%       3d7       1%          2
c - Dazzling Flash        Conj/Hex       100%       N/A       1%          3
d - Fulminant Prism       Conj/Hex       25%        3d14      1%          4
e - Iskenderun's Mystic   Conj/Tloc      37%        2d9       5%          4

Your spell library contained the following spells:

 Spells                   Type           Power      Damage    Failure   Level
 Corona                   Hex            51%        N/A       1%          1
 Ensorcelled Hibernation  Hex/Ice        56%        N/A       1%          2
 Tukima's Dance           Hex            46%        N/A       1%          3
 Conjure Flame            Conj/Fire      32%        6-21      2%          3
 Blink                    Tloc           N/A        N/A       4%          2
 Freeze                   Ice            36%        1d6       7%          1
 Gell's Gravitas          Tloc           9%         N/A       9%          3
 Lesser Beckoning         Tloc           9%         N/A       9%          3
 Teleport Other           Tloc           18%        N/A       9%          3
 Sticky Flame             Conj/Fire      32%        2d5       9%          4
 Ignite Poison            Fire/Tmut/Pois 9%         N/A       22%         3
 Metabolic Englaciation   Hex/Ice        14%        N/A       34%         5
 Ice Form                 Ice/Tmut       9%         N/A       56%         4
 Summon Ice Beast         Ice/Summ       9%         N/A       56%         4
 Manifold Assault         Tloc           18%        N/A       63%         5
 Statue Form              Tmut/Erth      6%         N/A       100%        6
 Storm Form               Tmut/Air       4%         N/A       100%        7


Dungeon Overview and Level Annotations

Branches:
Dungeon (10/15)            Temple (1/1) D:5            Lair (2/6) D:10
    Orc (0/2) D:10         Bailey (visited)         Volcano (1/1)
  Swamp: Lair:2-4    Shoals: Lair:2-4     Snake: Lair:2-4    Spider: Lair:2-4

Altars:
Ashenzari
Cheibriados
Dithmenos
Elyvilon
Fedhas
Gozag
Hepliaklqana
Kikubaaqudgha
Makhleb
Nemelex Xobeh
Okawaru
Qazlal
Ru
Sif Muna
Trog
Uskayaw
Vehumet
Wu Jian
Xom
Yredelemnul
Zin
The Shining One

Annotations:
D:3 Robin
Lair:1 Nergalle


Innate Abilities, Weirdness & Mutations

You cannot wear most types of armour.
You are amphibious.
You can wear up to eight rings at the same time.
Your skin changes colour to match your surroundings (Stealth+).
Your rubbery body absorbs attacks. (AC +1, EV +1)
((You are camouflaged near water. (Stealth+)))
You have tentacles for arms and can constrict up to eight enemies at once.


Message History

Your Translocations skill increases to level 2!
A stone giant comes into view.
The stone giant throws a large rock.
The large rock completely misses you.
You close the door, pushing everything out of the way.
You see here a +0 flail.
You fail to use your ability.
A stone giant opens the door.
The stone giant throws a large rock.
The large rock completely misses you.
Casting: Searing Ray (safe; 1% risk of failure)
Confirm with . or Enter, or press ? or * to list all spells.
Aiming: Searing Ray (safe; 1% risk of failure)
Press: ? - help, Shift-Dir - straight line, f - stone giant
Aim: a stone giant, quivering large rocks (moderately wounded, 100% to hit)
Okay, then.
Casting: Searing Ray (safe; 1% risk of failure)
Confirm with . or Enter, or press ? or * to list all spells.
Aiming: Searing Ray (safe; 1% risk of failure)
Press: ? - help, Shift-Dir - straight line, f - stone giant
Aim: a stone giant, quivering large rocks (moderately wounded, 100% to hit)
Okay, then.
Casting: Searing Ray (safe; 1% risk of failure)
Confirm with . or Enter, or press ? or * to list all spells.
Aiming: Fulminant Prism (dangerous; 1% risk of failure)
Press: ? - help, Dir - move target You conjure a prism of explosive energy!
A fulminant prism comes into view.
Your fulminant prism crackles loudly.
Your fulminant prism explodes!
Casting: Fulminant Prism (dangerous; 1% risk of failure)
Confirm with . or Enter, or press ? or * to list all spells.
Aiming: Searing Ray (safe; 1% risk of failure)
Press: ? - help, Shift-Dir - straight line, f - stone giant
Aim: a stone giant, quivering large rocks (lightly wounded, 100% to hit)
The searing ray hits the stone giant!
The stone giant is moderately wounded. (Press . to maintain the ray.)
The searing ray hits the stone giant!
The stone giant is heavily wounded.
The stone giant hits you!!!
Ouch! That really hurt!
You die...

≈≈≈≈§≈≈.#################.≈§§§≈≈≈
≈§§§≈§..# +.....' #§§§≈≈≈≈≈
≈≈≈≈≈≈≈.# .8_8. #.≈§§§≈§§
≈≈≈≈≈≈..# .). §§§≈≈§≈.###++###'#
≈≈§≈≈≈≈.#......#)#
≈≈§≈≈≈≈.######.#.# ≈≈§≈§≈≈.# #C#
≈≈§§§≈≈.# #@# ≈≈≈≈≈≈≈.# #.#
≈≈§≈≈≈..# #.#
≈≈§≈≈≈§.########'#######
≈§§≈≈≈≈≈................
≈§§§§§≈≈≈≈≈.≈≈≈§≈≈§≈≈≈≈≈≈§≈≈§≈≈≈≈
≈≈§§≈≈§≈§≈≈§≈≈≈§≈§≈≈≈≈≈≈≈≈≈≈§≈≈≈≈
≈≈≈§≈≈≈≈≈≈≈≈≈≈≈§§§≈≈≈≈≈≈≈≈≈≈≈≈≈≈≈
≈≈§§≈≈§§§≈≈≈≈≈≈§§§§§≈≈≈§≈≈§§≈≈≈§≈


You could see a stone giant.

Vanquished Creatures
  A two-headed ogre (D:6)
  An orc high priest (Bailey)
  Pikel (D:7)
  2 orc knights (Bailey)
  A black mamba (Lair:1)
  A gargoyle (Volcano)
  2 kobold demonologists
  A komodo dragon (Lair:1)
  An efreet (Volcano)
  3 trolls
  A hornet (D:9)
  3 wyverns
  2 fire bats (Volcano)
  3 yaks (D:8)
  A basilisk (Lair:1)
  A steam dragon (D:7)
  4 water moccasins
  Duvessa (D:7)
  2 black bears (D:6)
  11 orc warriors
  2 necrophages (D:5)
  2 ice beasts
  2 ogres
  3 wolves (D:10)
  4 centaurs
  Blork the orc (D:5)
  2 bullfrogs (Lair:1)
  A gnoll sergeant (D:10)
  2 earth elementals (Volcano)
  3 scorpions
  Dowan (D:7)
  A water moccasin zombie (D:6)
  6 killer bees
  A water moccasin skeleton (D:5)
  5 wights (D:9)
  A howler monkey (D:4)
  12 electric eels
  A bullfrog zombie (D:6)
  7 lava snakes (Volcano)
  A centaur zombie (D:6)
  4 orc priests
  Crazy Yiuf (D:6)
  2 centaur skeletons (D:7)
  5 hounds
  A bullfrog skeleton (D:6)
  An iguana (D:5)
  3 orc wizards (D:7)
  A killer bee zombie (D:5)
  A hound zombie (D:5)
  4 adders
  16 gnolls
  A white imp (D:6)
  2 ufetubi (D:7)
  3 worms
  2 dart slugs
  30 orcs
  9 bats
  3 endoplasms
  5 giant cockroaches
  22 goblins
  8 hobgoblins
  11 jackals
  3 quokkas
  10 ball pythons
  2 frilled lizards (D:1)
  6 kobolds
  3 rats
260 creatures vanquished.

Vanquished Creatures (others)
  44 fulminant prisms
  3 fungi (Lair:1)
  3 plants
50 creatures vanquished.

Grand Total: 310 creatures vanquished

Notes
Turn   | Place    | Note
-------+----------+-------------------------------------------
     0 | D:1      | Gwenloh the Octopode Conjurer began the quest for the Orb.
     0 | D:1      | Reached XP level 1. HP: 11/11 MP: 3/3
    95 | D:1      | Found a faded altar of an unknown god.
   219 | D:1      | Reached XP level 2. HP: 17/17 MP: 3/5
   246 | D:1      | Learned a level 2 spell: Searing Ray
   676 | D:1      | Reached XP level 3. HP: 21/21 MP: 2/6
   730 | D:1      | Learned a level 3 spell: Dazzling Flash
  1922 | D:3      | Reached XP level 4. HP: 27/27 MP: 1/7
  2037 | D:3      | Noticed Robin
  2179 | D:3      | Found a snail-covered altar of Cheibriados.
  2460 | D:3      | Reached skill level 1 in Hexes
  2908 | D:3      | Reached XP level 5. HP: 31/31 MP: 2/9
  3114 | D:3      | Found a sacrificial altar of Ru.
  3823 | D:4      | Reached skill level 5 in Conjurations
  4267 | D:4      | Reached XP level 6. HP: 36/36 MP: 1/10
  4348 | D:4      | Learned a level 4 spell: Fulminant Prism
  4428 | D:4      | Identified the +7 short sword of Equivalence {protect,
                  | rElec rF+ Dex+4}
  4731 | D:5      | Entered Level 5 of the Dungeon
  4994 | D:5      | Found a staircase to the Ecumenical Temple.
  5001 | Temple   | Entered the Ecumenical Temple
  5238 | Temple   | Became a worshipper of Sif Muna the Loreminder
  5319 | D:5      | Noticed a necrophage
  5323 | D:5      | Killed a necrophage
  5324 | D:5      | Reached skill level 5 in Stealth
  5393 | D:5      | Noticed Blork the orc
  5397 | D:5      | Killed Blork the orc
  5398 | D:5      | Reached XP level 7. HP: 41/41 MP: 6/12
  5479 | D:5      | Reached skill level 6 in Conjurations
  5985 | D:4      | Reached XP level 8. HP: 26/46 MP: 6/14
  6281 | D:6      | Reached skill level 7 in Conjurations
  6490 | D:6      | Noticed a two-headed ogre
  6501 | D:6      | Killed a two-headed ogre
  6502 | D:6      | Reached skill level 5 in Spellcasting
  6502 | D:6      | Reached skill level 8 in Conjurations
  6502 | D:6      | Reached XP level 9. HP: 18/51 MP: 2/16
  6698 | D:6      | Learned a level 4 spell: Iskenderun's Mystic Blast
  6901 | D:6      | Found a runed translucent door.
  6902 | D:6      | Noticed Crazy Yiuf
  6914 | D:6      | Killed Crazy Yiuf
  6999 | D:6      | Noticed a troll
  7011 | D:6      | Killed a troll
  7012 | D:6      | Reached skill level 5 in Hexes
  7012 | D:6      | Reached * piety under Sif Muna
  7637 | D:7      | Noticed Pikel
  7650 | D:7      | Killed Pikel
  7824 | D:7      | Noticed Duvessa
  7831 | D:7      | Killed Duvessa
  8046 | D:7      | Noticed Dowan
  8051 | D:7      | Killed Dowan
  8052 | D:7      | Reached XP level 10. HP: 48/56 MP: 8/18
  8283 | D:7      | Reached skill level 9 in Conjurations
  8850 | D:8      | Found a hazy altar of Hepliaklqana.
  8863 | D:8      | Found a flagged portal.
  8893 | Bailey   | Entered a bailey
  8980 | Bailey   | Noticed an orc knight
  9150 | Bailey   | Reached ** piety under Sif Muna
  9151 | Bailey   | Reached skill level 1 in Invocations
  9231 | Bailey   | Noticed an orc high priest
  9238 | Bailey   | Noticed a smoke demon
  9460 | Bailey   | Noticed an orc knight
  9462 | Bailey   | Killed an orc high priest
  9463 | Bailey   | Reached skill level 5 in Dodging
  9774 | Bailey   | Killed an orc knight
  9987 | Bailey   | Killed an orc knight
 10186 | Bailey   | Found an iron altar of Okawaru.
 10508 | Bailey   | Noticed a kobold demonologist
 10514 | Bailey   | Killed a kobold demonologist
 10592 | Bailey   | Got Luxo's Handbook of Stones and Snow
 10673 | Bailey   | Acquired the ring of Trepidation {*Corrode Str+4 Int+5
                  | Dex+6}
 11169 | D:8      | Reached XP level 11. HP: 43/61 MP: 8/21
 11265 | D:8      | Identified the +4 plate armour "Viss" {Will+ Dex+4}
 11860 | D:9      | Reached *** piety under Sif Muna
 12576 | D:9      | Identified the +2 ring mail of Wirisaed {Drain rElec Dex+3
                  | Slay+2}
 13156 | D:10     | Entered Level 10 of the Dungeon
 13193 | D:10     | Reached skill level 10 in Conjurations
 13429 | D:10     | Found a shadowy altar of Dithmenos.
 13430 | D:10     | Found a broken altar of Ashenzari.
 13430 | D:10     | Found a basalt altar of Yredelemnul.
 13431 | D:10     | Found a burning altar of Makhleb.
 13438 | D:10     | Found a staircase to the Orcish Mines.
 13464 | D:10     | Found a staircase to the Lair.
 13569 | D:10     | Noticed a sun demon
 13572 | D:10     | Reached skill level 5 in Invocations
 13676 | D:10     | Identified the +1 pair of boots of Too Many Cooks {Harm
                  | Dex+3}
 14138 | Lair:1   | Entered Level 1 of the Lair of Beasts
 14292 | Lair:1   | Reached **** piety under Sif Muna
 14507 | Lair:1   | Identified the +6 short sword of the Hummingbird {spect,
                  | Int+2 Dex+6}
 14732 | Lair:1   | Reached skill level 1 in Translocations
 14928 | Lair:1   | Identified the -2 helmet "Oduuthi" {Harm}
 14942 | Lair:1   | Noticed Nergalle
 15437 | Lair:2   | Found a dark tunnel.
 15442 | Volcano  | Entered a volcano
 15858 | Volcano  | Found a radiant altar of Vehumet.
 15870 | Volcano  | Noticed a stone giant
 15878 | Volcano  | Slain by a stone giant

Illustrated notes

Levels and vault maps discovered:
D:1:      lightli_arrival_chessboard, layout_loops_ring,
          shapermc_ecumenical_altar_pompeii
D:2:      layout_loops_ring
D:3:      layout_loops_ring, cheibriados_altar_1,
          nicolae_ru_great_annihilating_truth, kennysheep_donut, uniq_robin
D:4:      layout_loops_cross, supply_closet_lemuel, grunt_ministairs_1,
          roderic_roman_lattice
D:5:      layout_rooms, minmay_temple_entry_proselytizer, grunt_tough_drop,
          uniq_blork_the_orc
D:6:      layout_loops_cross, uniq_crazy_yiuf_cottage
D:7:      layout_rooms, uniq_pikel, uniq_duvessa
D:8:      layout_basic, amcnicky_altar_gilded, lightli_bailey_entry_fortress
D:9:      layout_layer_cave, hellmonk_bongcloud_opening
D:10:     layout_basic, chequers_temple_overflow_statue_of_worship,
          erik_lair_island
Temple:   regret_index_temple_generic_petals
Lair:1:   layout_chaotic_city, uniq_nergalle
Lair:2:   layout_gridlike, minmay_snake_entry_guardpost_medium,
          nicolae_volcano_entry_lava_flow, minivault_25, uniq_sonja
Volcano:  volcano_lake [vl_original]

Skill      XL: |  1  2  3  4  5  6  7  8  9 10 11 |
---------------+----------------------------------+-----
Stealth        | 3 4 5 6 7 9 |  9.4
Hexes          | 1 2 3 4 5 7 8 |  8.2
Spellcasting   | 3 4 5 7 |  7.9
Conjurations   | 5 6 8 9 10 | 10.2
Dodging        | 4 6 7 |  7.2
Invocations    | 3 5 |  5.8
Translocations | 2 |  2.1

Action                   |  1- 3 |  4- 6 |  7- 9 | 10-12 || total
-------------------------+-------+-------+-------+-------++-------
Melee: Dagger            |     9 |     6 |       |       ||    15
       Constrict         |     4 |     3 |     6 |     6 ||    19
       Tentacles         |     1 |     1 |     4 |     6 ||    12
       Short sword       |       |     6 |    34 |    21 ||    61
 Cast: Magic Dart        |    50 |   108 |    68 |   167 ||   393
       Searing Ray       |     7 |    12 |    23 |    56 ||    98
       Dazzling Flash    |       |       |     3 |       ||     3
       Fulminant Prism   |       |       |     4 |    40 ||    44
Invok: Channel Magic     |       |       |       |     1 ||     1
Evoke: Wand              |       |       |     1 |       ||     1
  Use: Scroll            |       |       |     3 |    12 ||    15
 Stab: Sleeping          |       |     2 |     3 |     2 ||     7
       Invisible         |       |       |     1 |       ||     1
Armor: Skin              |     3 |     3 |     9 |     4 ||    19
Dodge: Dodged            |    14 |    30 |    88 |    74 ||   206
